 Dungeon Crawl Stone Soup version 0.22.0-18-ge075c0d (webtiles) character file.

2030 Lew the Skirmisher (level 9, -4/71 HPs)
             Began as a Demonspawn Fighter on Aug 18, 2018.
             Slain by Blork the orc
             ... wielding a +0 glaive
              (8 damage)
             ... on level 6 of the Dungeon.
             The game lasted 00:14:30 (6168 turns).

Lew the Skirmisher (Demonspawn Fighter)             Turns: 6168, Time: 00:14:31

Health: -4/71      AC: 13    Str: 18    XL:     9   Next: 3%
Magic:  9/9        EV: 12    Int:  9    God:
Gold:   288        SH: 11    Dex: 20    Spells: 8/8 levels left

rFire    + . .     SeeInvis .   a - +2 war axe
rCold    x . .     Gourm    .   c - +0 shield
rNeg     . . .     Faith    .   b - +0 scale mail
rPois    .         Spirit   .   u - +0 helmet
rElec    .         Reflect  .   t - +0 cloak
rCorr    .         Harm     .   (no gloves)
MR       .....                  (boots unavailable)
Stlth    ++........             r - amulet of the acrobat
HPRegen  0.21/turn              e - ring of fire
MPRegen  0.11/turn              g - ring of stealth

@: agile
A: talons 3, icy blue scales 2, powered by pain 2
a: no special abilities


You were on level 6 of the Dungeon.
You were not hungry.

You visited 1 branch of the dungeon, and saw 6 of its levels.

You collected 288 gold pieces.

Inventory:

Hand Weapons
 a - a +2 war axe (weapon)
Armour
 b - a +0 scale mail (worn)
 c - a +0 shield (worn)
 q - a +0 chain mail
 t - a +0 cloak (worn)
 u - a +0 helmet (worn)
Jewellery
 e - a ring of fire (left hand)
 g - a ring of stealth (right hand)
 r - an amulet of the acrobat (around neck)
Wands
 k - a wand of random effects (36)
 v - a wand of paralysis (18)
Scrolls
 i - 5 scrolls of teleportation
 j - a scroll of fog
 m - 2 scrolls of amnesia
 o - 2 scrolls of magic mapping
 s - 2 scrolls of remove curse
Potions
 d - 2 potions of might
 h - a potion of curing
 l - a potion of haste
 n - a potion of cancellation
 p - a potion of heal wounds {unknown}
Comestibles
 f - 5 rations


   Skills:
 + Level 6.6 Fighting
 + Level 5.6 Axes
 + Level 6.0 Armour
 + Level 6.1 Shields


You had 8 spell levels left.
You didn't know any spells.
Your spell library was empty.

Dungeon Overview and Level Annotations

Branches:
Dungeon (6/15)             Temple (0/1) D:5

Altars:
Cheibriados
Makhleb
Nemelex Xobeh
Sif Muna
Uskayaw
Xom
Yredelemnul
Zin

Annotations:
D:6 Blork the orc


Innate Abilities, Weirdness & Mutations

You have claws for feet.
You are mostly covered in icy blue scales. (AC +3)
You sometimes gain power by taking damage.


Message History

Something hits you!
* * * LOW HITPOINT WARNING * * *
Something misses you. Something closely misses you.
You block something's attack.
Found a scroll of remove curse.
Something closely misses you. Something completely misses you.
Something closely misses you. Something hits you but does no damage.
A puff of flame appears from out of thin air!
The puff of flame misses you.
A puff of frost appears from out of thin air!
The puff of frost hits you!
You feel a terrible chill!
* * * LOW HITPOINT WARNING * * *
There is an escape hatch in the ceiling here.
Blork the orc appears from thin air!
Reactivating autopickup.
Blork the orc hits you from afar with a glaive!
You die...

).##...#..## ##.......#
.)##..###..#####.....(..#
..##.## ##...........#..######
..##..###..#####..##.#†.......
..##...#......##..#...#.######
.........####.##..#.#.#.#
#.##..#..# #.##..#.#.#.##
#.##..#..# #.##....#....# #.#
.#.#..#..# #.##@#######.# #.#
###...#..####.##....#....# #.#
# ##..#........o....#...###
#.#
###...#.#####.......#.....#
#.# .#.##.#.# ######......#.#
#.# ....>...# #...#.##.#####.#
##..#.####### #..........[...#
##........... #..##.##.#####.#
.#....######. #>....##.#####.#


You could see Blork the orc.

Vanquished Creatures
  A hungry ghost (D:6)
  Edmund (D:4)
  A sky beast (D:5)
  3 phantoms
  An ice beast (D:5)
  4 ogres
  A scorpion (D:5)
  A killer bee (D:2)
  A vampire bat (D:5)
  2 crimson imps (D:5)
  3 bullfrog zombies
  A gnoll shaman (D:6)
  An orc priest (D:4)
  3 hounds
  A bullfrog skeleton (D:5)
  6 worker ants
  2 iguanas
  A hound zombie (D:5)
  A hound skeleton (D:6)
  7 gnolls (D:6)
  4 adders
  A shadow imp (D:6)
  An ooze (D:4)
  2 adder zombies (D:5)
  An adder skeleton (D:5)
  3 fire bats (D:5)
  4 worms
  3 leopard geckos
  4 orcs (D:4)
  2 spectral bats (D:5)
  3 bat skeletons (D:5)
  A bat zombie (D:5)
  11 giant cockroaches
  12 goblins
  5 hobgoblins
  2 jackals (D:1)
  A ball python skeleton (D:2)
  18 bats
  A bat simulacrum (D:5)
  5 frilled lizards
  8 kobolds
  2 quokka skeletons
  7 rats
143 creatures vanquished.

Notes
Turn   | Place    | Note
-------+----------+-------------------------------------------
     0 | D:1      | Lew the Demonspawn Fighter began the quest for the Orb.
     0 | D:1      | Reached XP level 1. HP: 18/18 MP: 1/1
   110 | D:1      | Gained mutation: You have sharp toenails. [demonic ancestry]
   110 | D:1      | Reached XP level 2. HP: 11/24 MP: 2/2
   675 | D:2      | Gained mutation: You have razor-sharp toenails. [demonic ancestry]
   675 | D:2      | Reached XP level 3. HP: 28/29 MP: 3/3
  1208 | D:2      | Gained mutation: You sometimes gain a little power by taking damage. [demonic ancestry]
  1208 | D:2      | Reached XP level 4. HP: 35/35 MP: 4/4
  1368 | D:2      | Found a shimmering altar of Xom.
  1403 | D:2      | Found a transporter.
  1403 | D:2      | Found a transporter.
  1407 | D:2      | Noticed an ogre
  1416 | D:2      | Found a burning altar of Makhleb.
  1419 | D:2      | Killed an ogre
  1419 | D:2      | Gained mutation: You are partially covered in icy blue scales. (AC +2) [demonic ancestry]
  1419 | D:2      | Reached XP level 5. HP: 28/42 MP: 5/5
  2167 | D:2      | Found a deep blue altar of Sif Muna.
  2299 | D:3      | Found a hide-covered altar of Uskayaw.
  2299 | D:3      | Noticed a dagger
  2299 | D:3      | Noticed a hand axe
  2361 | D:3      | Found a snail-covered altar of Cheibriados.
  2581 | D:3      | Found a sparkling altar of Nemelex Xobeh.
  3368 | D:4      | Reached XP level 6. HP: 37/48 MP: 6/6
  3760 | D:4      | Noticed Edmund
  3776 | D:4      | Gained mutation: You have claws for feet. [demonic ancestry]
  3776 | D:4      | Reached XP level 7. HP: 55/55 MP: 7/7
  3813 | D:4      | Killed Edmund
  4006 | D:4      | Reached skill level 5 in Fighting
  4355 | D:5      | Entered Level 5 of the Dungeon
  4433 | D:5      | Reached skill level 5 in Shields
  4696 | D:5      | Reached skill level 5 in Armour
  4696 | D:5      | Gained mutation: You sometimes gain power by taking damage. [demonic ancestry]
  4696 | D:5      | Reached XP level 8. HP: 56/63 MP: 8/8
  5048 | D:5      | Found a staircase to the Ecumenical Temple.
  5075 | D:5      | Reached skill level 5 in Axes
  5296 | D:5      | Found a basalt altar of Yredelemnul.
  5953 | D:6      | Gained mutation: You are mostly covered in icy blue scales. (AC +3) [demonic ancestry]
  5953 | D:6      | Reached XP level 9. HP: 47/71 MP: 9/9
  6130 | D:6      | Found a glowing silver altar of Zin.
  6130 | D:6      | Noticed Blork the orc
  6165 | D:6      | HP: 3/71 [something/puff of frost (10)]
  6168 | D:6      | Slain by Blork the orc

Skill      XL: |  1  2  3  4  5  6  7  8 |
---------------+-------------------------+-----
Axes           | 2 3 4 5 |  5.6
Shields        | 3 4 5 6 |  6.1
Armour         | 3 4 5 6 |  6.0
Fighting       | 4 5 6 |  6.6

Action                   |  1- 3 |  4- 6 |  7- 9 || total
-------------------------+-------+-------+-------++-------
Melee: War axe           |   108 |   102 |   229 ||   439
       Kick              |    17 |    18 |    69 ||   104
Evoke: Wand              |       |     3 |     1 ||     4
  Use: Scroll            |     5 |     6 |     1 ||    12
       Potion            |       |     5 |     1 ||     6
  Eat: Chunk             |     1 |     1 |       ||     2
       Ration            |       |     2 |     4 ||     6
Armor: Scale mail        |    74 |    40 |   141 ||   255
Dodge: Dodged            |    43 |    27 |   124 ||   194
Block: Shield            |    59 |    63 |   186 ||   308
